 Dungeon Crawl Stone Soup version 0.30-a0-457-g4b7bca3bfa (webtiles) character file.

Game seed: 17785099570488733412

564 MudFish the Covert (level 7, 0/47 HPs)
             Began as a Kobold Brigand on Nov 24, 2022.
             Slain by an orc
             ... wielding a +0 hand axe
              (3 damage)
             ... on level 5 of the Dungeon on Dec 12, 2022.
             The game lasted 00:08:58 (5188 turns).

MudFish the Covert (Kobold Brigand)                 Turns: 5188, Time: 00:08:59

Health: 0/47       AC:  6    Str:  8 (9)  XL:     7   Next: 58%
Magic:  7/7        EV: 18    Int: 11 (12) God:
Gold:   283        SH:  4    Dex: 17 (18) Spells: 6/6 levels left

rFire   . . .      SeeInvis .    f - +0 short sword
rCold   . . .      Faith    .    (no shield)
rNeg    . . .      Spirit   .    b - +0 robe
rPois   .          Reflect  .    q - +2 hat
rElec   .          Harm     .    c - +1 cloak
rCorr   .          Rampage  .    (no gloves)
Will    .....      Clarity  +    (no boots)
Stlth   ++++++....               h - amulet of magic regeneration
HPRegen 0.27/turn                k - ring of wizardry
MPRegen 0.50/turn                (no ring)

@: unable to drink
A: small, no large weapons, nightstalker 3, large bone plates 1, clarity, robust
1, wild magic 1, inability to drink after injury 1
a: no special abilities


You were on level 5 of the Dungeon.
You visited 1 branch of the dungeon, and saw 5 of its levels.

You collected 283 gold pieces.

Inventory:

Hand Weapons
 a - a +2 dagger
 f - a +0 short sword (weapon)
 s - a +1 flail of holy wrath
Missiles
 d - 15 poisoned darts (quivered)
 e - 3 curare-tipped darts
 n - 3 javelins
Armour
 b - a +0 robe (worn)
 c - a +1 cloak (worn)
 q - a +2 hat (worn)
Jewellery
 h - an amulet of magic regeneration (around neck)
 k - a ring of wizardry (left hand)
 m - an amulet of guardian spirit
 o - a +4 ring of evasion
Wands
 t - a wand of digging (8)
Scrolls
 j - a scroll of blinking
 p - a scroll of magic mapping
 r - a scroll of teleportation
Potions
 g - a potion of attraction
 i - 2 potions of degeneration
 l - a potion of haste


   Skills:
 - Level 4.0 Fighting
 * Level 8.1 Short Blades
 - Level 4.0 Throwing
 + Level 6.4 Dodging
 * Level 10.1 Stealth


You had 6 spell levels left.
You didn't know any spells.
Your spell library contained the following spells:

 Spells                   Type           Power      Damage    Failure   Level
 Gell's Gravitas          Tloc           0%         N/A       45%         3
 Lesser Beckoning         Tloc           0%         N/A       45%         3
 Teleport Other           Tloc           0%         N/A       45%         3


Dungeon Overview and Level Annotations

Branches:
Dungeon (5/15)
 Temple: D:4-7

Altars:
Lugonu

Shops:
D:1 [=[

Portals:
Abyss: D:3

Annotations:
D:5 Duvessa


Innate Abilities, Weirdness & Mutations

You are small and have problems with some larger weapons.
You are completely attuned to the shadows.
You are partially covered in large bone plates. (SH +4)
You possess an exceptional clarity of mind.
You are robust. (+10% HP)
Your spells are a little harder to cast, but a little more powerful.
You occasionally lose the ability to drink potions when taking damage.


Message History

The orc priest looks braver for a moment.
The orc hits you but does no damage.
You hit Duvessa but do no damage.
You hear the slow hiss of an avalanche of sand very nearby.
Duvessa misses you.
You hit Duvessa but do no damage. Duvessa closely misses you.
You block the orc's attack. The orc barely misses you.
You hit Duvessa but do no damage.
A hound comes into view.
Duvessa hits you with a +0 rapier. The orc barely misses you. x2
The orc priest closely misses you.
The hound barks!
You hit Duvessa.
Duvessa is lightly wounded.
Duvessa barely misses you.
You hit Duvessa but do no damage. Your punch misses Duvessa.
Duvessa is lightly wounded.
The orc barely misses you. The orc hits you with a +0 hand axe.
The orc priest hits you with a +0 morningstar.
Duvessa misses you.
You barely miss Duvessa.
Duvessa is lightly wounded.
Duvessa hits you with a +0 rapier!
You feel threatened and lose the ability to drink potions!
You are too injured to fight recklessly!
You cannot drink potions in your current state!
Unknown command.
You cannot drink potions in your current state!
You block the orc's attack.
The orc priest invokes the aid of Beogh against you.
Beogh smites you!
* * * LOW HITPOINT WARNING * * *
The orc attacks as you move away! The orc misses you.
The hound stops to sniff the ground.
The orc attacks as you move away! The orc misses you.
The hound attacks as you move away! The hound closely misses you.
The orc attacks as you move away! The orc hits you with a +0 short sword.
* * * LOW HITPOINT WARNING * * *
The orc attacks as you move away! The orc hits you with a +0 hand axe.
You die...

......##.
......... ...o.).#
#.># ###o.###
#......# #..e...#
#†ooh..# #..@....
#....... ###..##.
#..#
#..###############
#.................
##########.#######
#.# #.#


You could see Duvessa (berserk), a hound, an orc wizard and 2 orcs.

Vanquished Creatures
  Edmund (D:4)
  A scorpion (D:4)
  Dowan (D:5)
  A jelly (D:4)
  An orc priest (D:4)
  A hound (D:4)
  Natasha (D:4)
  2 iguanas
  6 adders
  2 dart slugs
  5 orcs (D:4)
  9 ball pythons
  A bat (D:1)
  9 endoplasms
  2 giant cockroaches
  11 goblins
  6 hobgoblins
  4 jackals (D:3)
  5 frilled lizards
  7 kobolds
  8 rats
  2 lurking horrors (D:3)
86 creatures vanquished.

Notes
Turn   | Place    | Note
-------+----------+-------------------------------------------
     0 | D:1      | MudFish the Kobold Brigand began the quest for the Orb.
     0 | D:1      | Reached XP level 1. HP: 12/12 MP: 1/1
   135 | D:1      | Found Giklasot's Armour Boutique.
   497 | D:1      | Reached XP level 2. HP: 17/17 MP: 2/2
   701 | D:1      | Found Vuvaam's Jewellery Shop.
   793 | D:1      | Found Itet's Antique Armour Emporium.
   976 | D:1      | Reached skill level 5 in Dodging
   976 | D:1      | Reached skill level 8 in Stealth
   976 | D:1      | Reached XP level 3. HP: 24/24 MP: 3/3
  1173 | D:2      | Identified the +8 glaive "Deud" {pain, Will+ Dex+4 SInv}
  1244 | D:2      | Reached XP level 4. HP: 29/29 MP: 4/4
  1755 | D:2      | Gained mutation: You have a pair of small horns on your
                  | head. [potion of mutation]
  1755 | D:2      | Gained mutation: Armour fits poorly on your strangely
                  | shaped body. [potion of mutation]
  1755 | D:2      | Gained mutation: Your spells are a little harder to cast,
                  | but a little more powerful. [potion of mutation]
  1755 | D:2      | Gained mutation: You have large cloven feet. [potion of
                  | mutation]
  2242 | D:3      | Lost mutation: You have large cloven feet. [potion of
                  | mutation]
  2242 | D:3      | Lost mutation: Armour fits poorly on your strangely shaped
                  | body. [potion of mutation]
  2242 | D:3      | Lost mutation: You have a pair of small horns on your head.
                  | [potion of mutation]
  2242 | D:3      | Gained mutation: You possess an exceptional clarity of
                  | mind. [potion of mutation]
  2242 | D:3      | Gained mutation: You are robust. (+10% HP) [potion of
                  | mutation]
  2242 | D:3      | Gained mutation: You occasionally lose the ability to drink
                  | potions when taking damage. [potion of mutation]
  2242 | D:3      | Gained mutation: You are partially covered in large bone
                  | plates. (SH +4) [potion of mutation]
  2312 | D:3      | Found a corrupted altar of Lugonu.
  2315 | D:3      | Found a one-way gate to the infinite horrors of the Abyss.
  2438 | D:3      | Reached skill level 9 in Stealth
  2438 | D:3      | Reached XP level 5. HP: 36/36 MP: 5/5
  3074 | D:4      | Noticed Edmund
  3131 | D:4      | Killed Edmund
  3132 | D:4      | Reached XP level 6. HP: 19/41 MP: 6/6
  3640 | D:4      | Reached XP level 7. HP: 47/47 MP: 7/7
  3808 | D:4      | Noticed Natasha
  3822 | D:4      | Killed Natasha
  4565 | D:4      | Upgraded the game from 0.30-a0-373-gd37427bb62 to
                  | 0.30-a0-457-g4b7bca3bfa
  5124 | D:5      | Entered Level 5 of the Dungeon
  5166 | D:5      | Reached skill level 10 in Stealth
  5168 | D:5      | Noticed Dowan
  5169 | D:5      | Noticed Duvessa
  5172 | D:5      | Killed Dowan
  5188 | D:5      | Slain by an orc

Illustrated notes

Levels and vault maps discovered:
D:1:      saegor_arrival_miasma, layout_loops_corners, serial_shops, shop,
          nicolae_shop_waterfront, shop
D:2:      layout_basic
D:3:      layout_rooms, minivault_19, grunt_decor_arrowhead,
          amcnicky_altar_lugonu_corruption
D:4:      cheibrodos_greedy_goblins, layout_basic, serial_glass,
          glass_columns_a, glass_columns_a, chequers_serial_rivers_micro_b,
          minmay_misc_feat_encased, minmay_cupped, uniq_natasha, uniq_edmund
D:5:      layout_basic, mainiacjoe_overflow_small_starburst, minitemple,
          minmay_temple_entry_grid, enter_ossuary_3, uniq_crazy_yiuf_cottage,
          uniq_duvessa, uniq_eustachio

Skill      XL: |  1  2  3  4  5  6  7 |
---------------+----------------------+-----
Short Blades   | 3 6 7 8 |  8.1
Fighting       | 4 |  4.0
Throwing       | 4 |  4.0
Dodging        | 5 6 |  6.4
Stealth        | 8 9 10 | 10.1

Action                   |  1- 3 |  4- 6 |  7- 9 || total
-------------------------+-------+-------+-------++-------
Melee: Dagger            |    34 |    13 |       ||    47
       Short sword       |       |    94 |   126 ||   220
       Headbutt          |       |     3 |       ||     3
       Punch             |       |     1 |     4 ||     5
  Use: Scroll            |     3 |     3 |     3 ||     9
       Potion            |     1 |     5 |     2 ||     8
 Stab: Sleeping          |    14 |    27 |     8 ||    49
       Distracted        |       |     1 |     1 ||     2
Armor: Robe              |     4 |     6 |    18 ||    28
Dodge: Dodged            |     9 |    39 |    74 ||   122
Block: Other             |       |    10 |    23 ||    33

Table legend: (Time is in decaauts)
 A = Elapsed time spent in this place.
 B = Non-inter-level travel time spent in this place.
 C = Inter-level travel time spent in this place.
 D = Time resting spent in this place.
 E = Time spent auto-exploring this place.
 F = Levels seen in this place.
 G = Mean time per level.
                   A        B        C        D        E       F      G
               +--------+--------+--------+--------+--------+-----+--------+
         Total |   5052 |   4892 |    160 |   1563 |   2674 |   5 | 1010.4 |
       Dungeon |   5052 |   4892 |    160 |   1563 |   2674 |   5 | 1010.4 |
               +--------+--------+--------+--------+--------+-----+--------+

Top non-repeatable levels by time:
     D:4: 2102 daAuts
     D:1: 1073 daAuts
     D:2: 982 daAuts
     D:3: 836 daAuts
     D:5: 58 daAuts
